 Dungeon Crawl Stone Soup version 0.24.0-13-gcf9b319 (webtiles) character file.

Game seed: 15103342608377292801, levelgen mode: deterministic

98 southernslant the Poker (level 4, 0/35 HPs)
             Began as a Merfolk Skald on Jan 29, 2020.
             Slain by a quasit (2 damage)
             ... on level 3 of the Dungeon.
             The game lasted 00:07:56 (2185 turns).

southernslant the Poker (Merfolk Skald)             Turns: 2185, Time: 00:07:56

Health: 0/35       AC:  3    Str: 12    XL:     4   Next: 71%
Magic:  2/7        EV:  2    Int: 12    God:
Gold:   111        SH:  0    Dex: -2 (13) Spells: 2/8 levels left

rFire    . . .     SeeInvis .   a - +0 spear
rCold    . . .     Gourm    .   (no shield)
rNeg     . . .     Faith    .   b - +0 leather armour
rPois    .         Spirit   .   (no helmet)
rElec    .         Reflect  .   (no cloak)
rCorr    .         Harm     .   (no gloves)
MR       .....                  (no boots)
Stlth    ..........             (no amulet)
HPRegen  0.11/turn              (no ring)
MPRegen  0.10/turn              (no ring)

@: very slightly contaminated, slowed, lost dexterity, very slow
A: change form in water, swift swim, stealthy swim
a: no special abilities


You were on level 3 of the Dungeon.
You were not hungry.

You visited 1 branch of the dungeon, and saw 3 of its levels.

You collected 111 gold pieces.

Inventory:

Hand Weapons
 a - a +0 spear (weapon)
 i - a +4 short sword
Missiles
 g - 98 stones (quivered)
Armour
 b - a +0 leather armour (worn)
Jewellery
 k - a cursed ring of teleportation {unknown}
Scrolls
 c - 2 scrolls of teleportation {unknown}
 e - 2 scrolls of fog {unknown}
 h - a scroll of blinking {unknown}
Potions
 f - a potion of magic {unknown}
Comestibles
 d - 6 rations
 j - 8 chunks of flesh


   Skills:
 * Level 3.4 Fighting
 + Level 3.6 Polearms
 - Level 1.1 Armour
 * Level 3.6 Dodging
 * Level 2.6 Spellcasting
 + Level 0.2 Hexes
 + Level 3.4 Charms


You had 2 spell levels left.
You knew the following spells:

 Your Spells              Type           Power        Failure   Level  Hunger
a - Infusion              Chrm           #...         9%          1    #......
b - Song of Slaying       Chrm           #.......     12%         2    ###....
c - Spectral Weapon       Hex/Chrm       #.......     41%         3    ###....

Your spell library contained the following spells:

 Spells                   Type           Power        Failure   Level  Hunger
 Shroud of Golubria       Chrm/Tloc      #.....       24%         2    ###....
 Regeneration             Chrm/Necr      #.........   43%         3    ###....


Dungeon Overview and Level Annotations

Branches:
Dungeon (3/15)

Altars:
Dithmenos
Elyvilon


Message History

You feel clumsy.
The quasit claws you but does no damage.
The quasit bites you.
* * * LOW HITPOINT WARNING * * *
The quasit claws you.
* * * LOW HITPOINT WARNING * * *
The quasit claws you but does no damage.
The quasit bites you but does no damage.
The quasit claws you but does no damage.
The quasit claws you.
* * * LOW HITPOINT WARNING * * *
You feel clumsy.
You can move again.
Attack whom?
Press: ? - help, Dir - move target cursor, f/p - quasit
Aim: a quasit (severely wounded)
You hit the quasit.
The quasit is almost dead.
The quasit bites you.
You die...

##...# ##...#.....
..###....### ####......
.........#####.......
###....#.............
.###......#######.......
#.......###.....).......
#.......##..#####..^....
#......5...## #.......
#......@#### #.......
#.......# #####.......
#.......# #...........
######### ##.###.......
#>.# ##......
#.######.....
#............
#############


You could see a quasit.

Vanquished Creatures
  2 adders (D:2)
  An ooze (D:2)
  A worm (D:2)
  A dart slug (D:1)
  2 leopard geckos (D:2)
  3 orcs (D:3)
  A ball python (D:1)
  11 bats
  8 giant cockroaches
  9 goblins
  7 hobgoblins
  A quokka (D:3)
  3 frilled lizards (D:2)
  7 kobolds
  4 rats
61 creatures vanquished.

Notes
Turn   | Place    | Note
-------+----------+-------------------------------------------
     0 | D:1      | southernslant the Merfolk Skald began the quest for the
                  | Orb.
     0 | D:1      | Reached XP level 1. HP: 16/16 MP: 3/3
    67 | D:1      | Reached XP level 2. HP: 13/23 MP: 3/5
    71 | D:1      | Learned a level 2 spell: Song of Slaying
   467 | D:1      | Reached skill level 1 in Armour
   668 | D:1      | Reached XP level 3. HP: 28/28 MP: 6/6
  1057 | D:2      | Reached XP level 4. HP: 27/35 MP: 4/7
  1094 | D:2      | Found a white marble altar of Elyvilon.
  1099 | D:2      | Learned a level 3 spell: Spectral Weapon
  1800 | D:2      | Found a shadowy altar of Dithmenos.
  2183 | D:3      | Lost dexterity.
  2185 | D:3      | Slain by a quasit

Levels and vault maps discovered:
D:1:      nicolae_arrival_somewhat_less_tricky_arrival, layout_basic,
          minivault_23
D:2:      minmay_alternating_diamond, layout_basic,
          nicolae_overflow_crystal_walls,
          nicolae_dithmenos_through_a_glass_darkly, uniq_crazy_yiuf_cottage
D:3:      layout_rooms

Skill      XL: |  1  2  3 |
---------------+----------+-----
Dodging        | 3 |  3.6
Armour         | 1 |  1.1
Fighting       | 3 |  3.4
Polearms       | |  3.6
Spellcasting   | |  2.6
Hexes          | |  0.2
Charms         | |  3.4

Action                   |  1- 3 |  4- 6 || total
-------------------------+-------+-------++-------
Melee: Spear             |   177 |   109 ||   286
Throw: Stone             |       |     6 ||     6
 Cast: Infusion          |     1 |     2 ||     3
       Song of Slaying   |     2 |     2 ||     4
  Use: Potion            |       |     1 ||     1
 Stab: Sleeping          |       |     1 ||     1
  Eat: Chunk             |     1 |     4 ||     5
Armor: Leather armour    |    27 |    67 ||    94
Dodge: Dodged            |    81 |   101 ||   182
